AoeStats
← EMPEROR98265292

Black Forest

508208948Analyzed
3v3 RM · 11d ago on Sep 21, 2026· 11m 39s· 6 players
Game mode
Random Map
Map size
Normal (6 player)
Population
200
Speed
Normal
Resources
Standard
Victory
Conquest
Starting age
Dark Age
Ending age
Imperial Age
RankedLock teamsTeams togetherTeam positionsShared explorationLock speedFull tech treeHidden civsTurbo modeCheats
Victory
Defeat
🇮🇳 Bohemians · India
1536
+12
🇮🇳 Tupi · India
1503
+13
🇮🇳 Persians · India
1451
+16
1473
-15
🇨🇳 Italians · China
1457
-14
🇧🇷 Persians · Brazil
1413
-12
EMPEROR98265292
0:49 Loom
11:29 Feudal Age
11:33 Champi Runner
Sanskari Ladka
0:49 Loom
AP
2:16 Loom
11:27 Feudal Age
QHB挂b户口本1页
1:33 Loom
11:35 Feudal Age
玩印度的哥们硬不起来
0:54 Loom
SirT_Maji
8:06 Loom
12:03 Feudal Age
Connection lost

Rejoining the realm…

Still unreachable

The connection could not be restored.

Session expired

The server has moved on; the page needs a fresh start.